 Dungeon Crawl Stone Soup version 0.27.0-1-g7a089689b8 (webtiles) character file.

Game seed: 6469192156386124663

583 sanka the Nimble (level 7, 0/40 HPs)
             Began as a Deep Elf Gladiator on Aug 3, 2021.
             Slain by a kobold (20 damage)
             ... in a sewer.
             The game lasted 00:08:50 (4888 turns).

sanka the Nimble (Deep Elf Gladiator)               Turns: 4888, Time: 00:08:50

Health: 0/40       AC:  6    Str: 11    XL:     7   Next: 14%
Magic:  9/9        EV: 17    Int: 15    God:
Gold:   184        SH:  0    Dex: 28    Spells: 6/6 levels left

rFire    . . .     SeeInvis .   a - +0 quarterstaff
rCold    . . .     Faith    .   (shield currently unavailable)
rNeg     . . .     Spirit   .   j - +0 ring mail
rPois    .         Reflect  .   c - +0 helmet
rElec    .         Harm     .   (no cloak)
rCorr    .         Rampage  .   (no gloves)
Will     .....                  (no boots)
Stlth    ++........             (no amulet)
HPRegen  0.13/turn              o - +6 ring of dexterity
MPRegen  0.11/turn              r - +6 ring of dexterity

@: no status effects
A: no striking features
a: no special abilities


You were in a sewer.
You visited 1 branch of the dungeon, and saw 6 of its levels.
You also visited: Sewer.

You collected 184 gold pieces.


   Skills:
 - Level 2.0 Fighting
 - Level 5.0 Staves
 - Level 2.0 Throwing
 + Level 8.5 Dodging


You had 6 spell levels left.
You didn't know any spells.
Your spell library was empty.

Inventory:

Hand Weapons
 a - a +0 quarterstaff (weapon)
 b - the +3 glaive of Darkness {flame, rPois rF+ rN+ Str-2}

   It burns those it strikes, dealing additional fire damage.
   Big, fiery blades are also staple armaments of hydra-hunters.
   Str:       It affects your strength (-2).
   rF:        It protects you from fire.
   rPois:     It protects you from poison.
   rN:        It protects you from negative energy.
Armour
 c - a +0 helmet (worn)
 j - a +0 ring mail (worn)
 w - a +0 leather armour
Magical Staves
 f - a staff of conjuration {!a}
Jewellery
 l - a ring of see invisible
 o - a +6 ring of dexterity (left hand)
 r - a +6 ring of dexterity (right hand)
Scrolls
 h - 2 scrolls of blinking {unknown}
 k - a scroll of torment {unknown}
 m - 2 scrolls of enchant armour {unknown}
 n - 3 scrolls of identify {unknown}
 q - 2 scrolls of teleportation {unknown}
 s - a scroll of vulnerability {unknown}
 u - a scroll of amnesia {unknown}
 v - a scroll of enchant weapon {unknown}
Potions
 d - a potion of invisibility {unknown}
 e - a potion of lignification {unknown}
 g - a potion of flight {unknown}
 i - 3 potions of heal wounds {@q2}
 p - a potion of curing {unknown}
 t - 2 potions of resistance {unknown}
 x - 3 potions of mutation {unknown}
 z - a potion of experience {unknown}

Dungeon Overview and Level Annotations

Branches:
Dungeon (6/15)              Sewer (1/1)
 Temple: D:4-7

Altars:

Annotations:
D:5 exclusion: ice beast

≈≈≈≈≈≈≈≈≈≈≈≈≈≈≈≈≈≈≈≈≈≈≈ ▒
≈.≈≈≈≈≈≈≈≈≈≈≈≈≈≈≈≈≈≈≈≈≈
...≈≈≈≈.≈▒▒ ≈≈≈≈≈≈≈≈≈≈
..........▒▒▒▒.≈≈≈≈≈≈
....▒▒.....▒▒..≈≈≈≈▒▒▒▒ ▒▒≈
...▒▒▒....†.....≈≈.▒..▒))▒≈
...†▒▒▒...†........▒....!▒≈
▒........▒▒▒▒...KK.))...▒
▒▒▒.....▒▒ ▒▒▒.eK.▒....?▒≈
▒▒▒▒▒▒▒ ▒▒▒▒▒▒..▒!?▒≈ ▒▒▒
▒▒≈


You could see 3 kobolds.


Message History

You hit the kobold but do no damage.
You feel sick.
The kobold throws a poisoned dart.
The poisoned dart barely misses you.
You completely miss the kobold.
You feel sick. The kobold hits you with a +0 dagger.
* * * LOW HITPOINT WARNING * * *
The kobold misses you.
You barely miss the kobold.
You feel sick. The kobold closely misses you. The kobold misses you.
You feel sick. The kobold hits you with a +0 dagger.
* * * LOW HITPOINT WARNING * * *
You feel sick.
You are no longer poisoned.
The kobold hits you but does no damage.
You closely miss the kobold. The kobold hits you but does no damage.
The kobold closely misses you.
You completely miss the kobold. The kobold barely misses you.
The kobold hits you with a +0 dagger.
* * * LOW HITPOINT WARNING * * *
The kobold hits you but does no damage.
You are electrocuted!!
Ouch! That really hurt!
You die...

Action                   |  1- 3 |  4- 6 |  7- 9 || total
-------------------------+-------+-------+-------++-------
Melee: Quarterstaff      |   115 |   205 |     6 ||   326
Throw: Throwing net      |       |     4 |       ||     4
  Use: Potion            |       |     2 |     1 ||     3
 Stab: Sleeping          |     1 |       |       ||     1
       Held in net/web   |       |     2 |       ||     2
Armor: Leather armour    |    19 |       |       ||    19
       Ring mail         |    17 |    47 |     3 ||    67
Dodge: Dodged            |    71 |   219 |     6 ||   296

Levels and vault maps discovered:
D:1:      onia_arrival_pentagram, layout_basic, st_stairs_11
D:2:      layout_basic, hellmonk_ecumenical_altar_inner_sanctum
D:3:      layout_basic, uniq_sigmund, uniq_jessica
D:4:      layout_rooms, kennysheep_orc_sif_temple,
          minmay_temple_entry_drinking_statues, portal_sewer_entry_f,
          grunt_decor_junction
D:5:      layout_basic, nicolae_overflow_hidden_temple, serial_corexii_hall,
          corexii_hall_statues_i, chequers_hall_statues_corner_a,
          corexii_hall_statues_i, chequers_hall_statues_wall_a
D:6:      layout_loops_ring, hangedman_decor_peaks_small, nicolae_lava_and_water
Sewer:    sewer_minmay_treatment

Notes
Turn   | Place    | Note
-------+----------+-------------------------------------------
     0 | D:1      | sanka the Deep Elf Gladiator began the quest for the Orb.
     0 | D:1      | Reached XP level 1. HP: 12/12 MP: 3/3
    82 | D:1      | Reached skill level 4 in Dodging
   255 | D:1      | Reached XP level 2. HP: 16/16 MP: 4/4
   919 | D:1      | Reached skill level 5 in Dodging
  1469 | D:2      | Reached XP level 3. HP: 12/21 MP: 5/5
  2308 | D:2      | Found a faded altar of an unknown god.
  2845 | D:6      | Reached skill level 2 in Fighting
  2845 | D:6      | Reached XP level 4. HP: 19/26 MP: 6/6
  3312 | D:6      | Noticed a scorpion
  3321 | D:5      | Entered Level 5 of the Dungeon
  3323 | D:5      | Noticed an ice beast
  3435 | D:4      | Noticed a necrophage
  3449 | D:4      | Killed a necrophage
  3450 | D:4      | Reached skill level 4 in Staves
  3450 | D:4      | Reached skill level 6 in Dodging
  3450 | D:4      | Reached XP level 5. HP: 29/30 MP: 7/7
  3552 | D:4      | HP: 3/30 [orc priest/divine providence (14)]
  3555 | D:4      | Reached skill level 7 in Dodging
  3570 | D:4      | Reached XP level 6. HP: 30/35 MP: 8/8
  3711 | D:4      | Found a glowing drain.
  3835 | Sewer    | Entered a sewer
  3885 | Sewer    | Reached skill level 8 in Dodging
  4535 | Sewer    | Identified the +3 glaive of Darkness {flame, rPois rF+ rN+
                  | Str-2}
  4698 | Sewer    | Reached skill level 5 in Staves
  4879 | Sewer    | Reached XP level 7. HP: 14/40 MP: 9/9
  4884 | Sewer    | HP: 4/40 [poisoned by a kobold]
  4888 | Sewer    | Slain by a kobold

Vanquished Creatures
  A necrophage (D:4)
  A kobold brigand (Sewer)
  A bullfrog (D:4)
  2 hounds (D:6)
  An orc priest (D:4)
  An orc wizard (D:4)
  4 adders
  13 river rats (Sewer)
  A worm (D:3)
  A dart slug (D:2)
  3 orcs (D:4)
  4 bats
  2 endoplasms
  2 giant cockroaches
  A goblin (D:4)
  8 hobgoblins
  4 jackals (D:1)
  14 kobolds
  8 quokkas
  9 ball pythons
  4 frilled lizards
  14 rats
99 creatures vanquished.
